 Dungeon Crawl Stone Soup version 0.13-a0-1502-g99810c3 (webtiles) character file.

182 Kae the Shooter (level 3, 0/29 HPs)
             Began as a Centaur Hunter on June 8, 2013.
             Succumbed to a kobold's poison
             ... on Level 3 of the Dungeon.
             The game lasted 00:02:24 (1592 turns).

Kae the Shooter (Centaur Hunter)                    Turns: 1592, Time: 00:02:24

HP   0/29        AC  5     Str 14      XL: 3   Next: 92%
MP   2/2         EV  9     Int 10      God:
Gold 117         SH  0     Dex 10      Spells:  0 memorised,  2 levels left

Res.Fire  : . . .   See Invis. : .   a - +0 short sword
Res.Cold  : . . .   Warding    : .   d - +0 leather armour
Life Prot.: . . .   Conserve   : .   (no shield)
Res.Poison: .       Res.Corr.  : .   (no helmet)
Res.Elec. : .       Clarity    : .   (no cloak)
Sust.Abil.: . .     Spirit.Shd : .   m - +0 pair of gauntlets
Res.Mut.  : .       Stasis     : .   (no barding)
Res.Rott. : .       Flight     : .   (no amulet)
Saprovore : . . .                    (no ring)
                                     (no ring)

@: very poisoned, very quick, not resistant to hostile enchantments, extremely
unstealthy
A: hooves 3, deformed body, herbivore 1, speed 2, fast metabolism 1, tough skin
3
a: no special abilities


You were on level 3 of the Dungeon.
You were not hungry.

You visited 1 branch of the dungeon, and saw 3 of its levels.

You collected 97 gold pieces.

Inventory:

Hand weapons
 a - a +0,+0 short sword (weapon)
 b - a +1,+1 bow
Missiles
 c - 43 arrows
 h - 9 arrows of flame
Armour
 d - a +0 leather armour (worn)
 m - a +0 pair of gauntlets (worn)
 s - a +0 ring mail
Comestibles
 f - 3 bread rations
 l - a slice of pizza
Scrolls
 e - a scroll of enchant armour {unknown}
 i - a scroll of noise {unknown}
 n - a scroll of identify {unknown}
 p - a scroll of amnesia {unknown}
 q - a scroll of magic mapping {unknown}
 u - a scroll of blinking {unknown}
 v - a scroll of curse weapon {unknown}
 w - a scroll of recharging {unknown}
Jewellery
 j - an uncursed ring of life protection {unknown}
Potions
 g - 2 potions of mutation {unknown}
 k - 2 potions of curing {unknown}
 o - 2 potions of confusion {unknown}
 r - a potion of poison {unknown}


   Skills:
 - Level 1.0 Fighting
 + Level 7.3 Bows
 - Level 1.4 Dodging
 - Level 0.5 Stealth


You had 2 spell levels left.
You didn't know any spells.

Dungeon Overview and Level Annotations

Branches:
Dungeon (3/27)

Altars:

Annotations
D:3 Jessica


Innate Abilities, Weirdness & Mutations

You have hooves in place of feet.
Armour fits poorly on your strangely shaped body.
You digest meat inefficiently.
You cover ground very quickly.
You have a fast metabolism.
You have extremely tough skin (AC +3).


Message History

You feel sick. The kobold closely misses you.
Unknown command.
You are too injured to fight recklessly!
You are too injured to fight recklessly!
You are too injured to fight recklessly!
Unknown command.
You hit the kobold.
You kill the kobold!
* * * LOW HITPOINT WARNING * * *
You feel very sick.
You feel a little better.
* * * LOW HITPOINT WARNING * * *
You feel sick.
Jessica comes into view.
She is wielding an elven dagger.
Things that are here:
an uncursed blowgun; 8 poisoned needles Jessica is nearby!
* * * LOW HITPOINT WARNING * * *
You feel very sick.
You die...

.#....?...# #.#
..........#####.#
.##......(......#
.##.####=.#######
.#...####(.#
#.....?.().###
........(....# ##
##..####%.(..###...#
#.........@.......#
..####...........#
.>......).#####..#
@.#########


There were no monsters in sight!

Vanquished Creatures
  Terence (D:2)
  An inept feature mimic (D:2)
  A giant gecko (D:3)
  3 ball pythons
  6 bats
  9 hobgoblins
  3 giant cockroaches
  4 giant newts
  4 goblins
  6 kobolds
  5 rats
43 creatures vanquished.

Notes
Turn   | Place    | Note
--------------------------------------------------------------
     0 | D:1      | Kae, the Centaur Hunter, began the quest for the Orb.
     0 | D:1      | Reached XP level 1. HP: 17/17 MP: 0/0
   380 | D:1      | Reached XP level 2. HP: 22/24 MP: 1/1
   412 | D:1      | Reached skill level 6 in Bows
  1014 | D:2      | Noticed Terence
  1044 | D:2      | Killed Terence
  1044 | D:2      | Reached XP level 3. HP: 29/29 MP: 2/2
  1263 | D:2      | Reached skill level 7 in Bows
  1591 | D:3      | Noticed Jessica
  1592 | D:3      | Succumbed to a kobold's poison

Action                   || total
-------------------------++-------
Melee: Short sword       ||   107
 Fire: Bow               ||    16
